Map: Romanticide LE

Players

Epic

  • Race: Terran Terran
  • League: Grandmaster
  • Spawn Location: 5:00

Rhizer - Winner!

  • Race: Protoss Protoss
  • League: Grandmaster
  • Spawn Location: 11:00

Event: DreamHack SC2 Masters 2020 Winter

VOD

Have the link to the VOD?

Description

Time

  • Played on: Oct. 24, 2020, 8:29 p.m.
  • Length: 10:58

All games in this series

Show
View Real Time Build Order
Export as new Build Order

Epic Terran 

Build Orders: Reaper Expand 

Get SALT Encoding   

  12  0:00  SCV  
  13  0:12  SCV  
  14  0:17  Supply Depot  
  14  0:24  SCV  
  15  0:38  SCV  
  15  0:40  Barracks  
  16  0:43  Refinery  
  16  0:51  SCV  
  17  1:03  SCV  
  18  1:15  SCV  
  19  1:27  Orbital Command, Reaper  
  20  1:47  Command Center  
  20  1:52  SCV  
  21  1:55  Supply Depot  
  21  1:59  Marine  
  22  2:05  SCV  
  23  2:11  Factory  
  23  2:17  SCV, Refinery  
  23  2:21  Barracks Reactor  
  24  2:28  Bunker  
  24  2:29  SCV  
  25  2:41  SCV  
  26  2:54  SCV  
  26  2:57  Starport  
  27  3:01  Orbital Command  
  26  3:06  SCV  
  26  3:09  Hellion x2  
  31  3:18  SCV  
  33  3:27  SCV  
  33  3:30  SCV  
  33  3:31  Widow Mine x2  
  33  3:34  Medivac  
  40  3:38  Armory  
  40  3:39  SCV  
  41  3:42  SCV  
  41  3:44  Supply Depot  
  42  3:52  Widow Mine x2  
  46  4:01  Supply Depot  
  46  4:02  SCV  
  46  4:05  SCV, Viking  
  47  4:14  SCV  
  44  4:17  Widow Mine x2, SCV  
  46  4:26  SCV  
  46  4:30  SCV  
  48  4:39  SCV  
  48  4:42  SCV  
  48  4:45  Widow Mine x2  
  54  4:51  SCV  
  53  4:54  Medivac, SCV  
  54  5:00  Command Center  
  54  5:04  SCV  
  54  5:06  SCV  
  52  5:12  Barracks Tech Lab  
  50  5:14  Widow Mine  
  50  5:15  Widow Mine  
  50  5:16  SCV  
  50  5:18  SCV  
  50  5:19  Supply Depot  
  56  5:28  SCV  
  57  5:30  SCV  
  57  5:31  Stimpack  
  57  5:32  Barracks  
  57  5:34  Barracks  
  58  5:39  Widow Mine x2  
  58  5:42  SCV x2  
  64  5:44  Supply Depot  
  64  5:54  SCV x2  
  61  6:06  SCV x2  
  61  6:08  Widow Mine x2  
  67  6:14  Orbital Command  
  65  6:19  SCV x2  
  65  6:24  Barracks Tech Lab  
  65  6:25  Marauder, Barracks Reactor  
  67  6:27  Engineering Bay  
  67  6:28  Engineering Bay  
  63  6:33  SCV x2  
  63  6:35  Widow Mine  
  63  6:36  Widow Mine  
  69  6:43  Refinery  
  69  6:44  Marauder, Refinery  
  69  6:45  SCV x2  
  69  6:46  Marauder  
  71  6:49  Combat Shield  
  71  6:50  Starport Reactor  
  69  6:55  Barracks x2  
  69  6:58  SCV  
  69  6:59  SCV  
  69  7:00  Missile Turret  
  71  7:01  Missile Turret  
  71  7:03  Marine x2, Orbital Command  
  71  7:07  Marauder  
  75  7:09  Marauder  
  75  7:12  SCV x2  
  79  7:18  Terran Infantry Weapons Level 1  
  79  7:19  Supply Depot  
  79  7:21  Marine  
  82  7:30  SCV x3  
  82  7:33  Marine, Marauder  
  82  7:34  Marauder  
  82  7:35  Medivac  
  90  7:39  Marine, Supply Depot x2  
  85  7:46  SCV x3  
  85  7:48  Barracks Tech Lab  
  85  7:49  Barracks Reactor  
  85  7:50  Terran Infantry Armor Level 1  
  86  7:54  Supply Depot  
  86  7:55  Supply Depot  
  86  7:58  Widow Mine x2, Marauder x2, SCV  
  94  7:59  SCV  
  94  8:00  SCV  
  95  8:07  Marine x2  
  97  8:13  SCV x3  
  97  8:14  Medivac x2  
  97  8:15  Supply Depot  
  104  8:25  Marine  
  104  8:26  Marine x3, Marauder x3  
  114  8:28  SCV x3  
  114  8:30  Supply Depot  
  117  8:37  Refinery  
  117  8:38  Refinery  
  117  8:42  SCV x2  
  117  8:43  SCV  
  117  8:44  Starport  
  119  8:51  Marine x3  
  119  8:52  Marine, Marauder x3  
  129  9:02  Command Center  
  129  9:03  SCV x3  
  129  9:05  Ghost Academy  
  129  9:08  Medivac x2  
  136  9:15  Marauder x3  
  142  9:17  Marine x2  
  142  9:18  Marine x2  
  142  9:24  Viking  
  142  9:25  Viking  
  140  9:42  Command Center  
  140  9:47  Supply Depot  
  140  9:49  Supply Depot, Ghost x2  
  140  9:50  Supply Depot  
  140  9:51  Marine x2  
  146  9:53  Marine x2  
  148  10:04  Ghost  
  149  10:08  Marine  
  149  10:09  Marine  
  149  10:11  Marine x2  
  149  10:18  Ghost  
  149  10:19  Marauder  
  136  10:26  Marine  
  136  10:27  Marine  
  114  10:29  Marine x2  
  114  10:34  Marauder  
Show
View Real Time Build Order
Export as new Build Order

Rhizer Protoss - Winner!

Build Orders: 1 Gate Expand, Oracle Opening 

Get SALT Encoding   

  12  0:00  Probe  
  13  0:12  Probe  
  14  0:19  Pylon  
  14  0:24  Probe (Chrono Boost)  
  15  0:37  Probe (Chrono Boost)  
  15  0:38  Gateway  
  16  0:45  Probe (Chrono Boost)  
  16  0:46  Assimilator  
  17  0:51  Probe  
  18  1:03  Probe  
  19  1:15  Probe  
  20  1:25  Cybernetics Core  
  20  1:32  Nexus  
  20  1:36  Probe  
  20  1:37  Unknown  
  20  1:38  Unknown  
  20  1:39  Unknown  
  21  1:42  Pylon  
  21  1:48  Probe  
  21  1:51  Assimilator  
  22  1:58  Adept (Chrono Boost)  
  22  2:00  Probe  
  25  2:12  Probe  
  26  2:19  Stargate  
  26  2:20  Adept (Chrono Boost)  
  26  2:24  Probe  
  29  2:36  Warp Gate, Probe  
  30  2:43  Adept  
  32  2:45  Probe  
  32  2:49  Probe  
  34  2:57  Probe  
  35  3:01  Probe  
  35  3:02  Oracle (Chrono Boost)  
  39  3:09  Gateway, Probe  
  40  3:13  Probe  
  41  3:22  Pylon  
  41  3:23  Probe (Chrono Boost)  
  41  3:25  Probe (Chrono Boost)  
  43  3:32  Void Ray (Chrono Boost)  
  44  3:36  Probe (Chrono Boost)  
  44  3:38  Probe (Chrono Boost)  
  49  3:41  Pylon, Probe (Chrono Boost)  
  49  3:45  Probe  
  49  3:48  Assimilator  
  51  3:51  Assimilator, Probe  
  52  3:57  Probe  
  53  4:03  Probe, Void Ray (Chrono Boost)  
  53  4:09  Probe  
  59  4:15  Probe  
  60  4:22  Robotics Facility, Probe  
  61  4:27  Probe  
  61  4:29  Shield Battery  
  61  4:30  Shield Battery  
  62  4:33  Pylon  
  62  4:36  Nexus  
  62  4:45  Void Ray  
  62  4:46  Pylon  
  62  4:51  Probe (Chrono Boost)  
  61  4:56  Probe (Chrono Boost)  
  62  5:03  Probe (Chrono Boost)  
  64  5:07  Probe (Chrono Boost), Sentry  
  64  5:09  Probe (Chrono Boost)  
  64  5:12  Probe (Chrono Boost)  
  64  5:13  Robotics Bay  
  64  5:14  Observer  
  68  5:17  Probe  
  70  5:22  Void Ray  
  70  5:24  Probe (Chrono Boost)  
  70  5:28  Pylon  
  77  5:35  Probe (Chrono Boost)  
  77  5:36  Probe (Chrono Boost)  
  77  5:39  Observer  
  78  5:46  Forge, Probe (Chrono Boost)  
  78  5:47  Twilight Council  
  78  5:49  Probe (Chrono Boost)  
  81  5:50  Probe (Chrono Boost)  
  82  5:58  Probe (Chrono Boost)  
  82  6:00  Probe (Chrono Boost)  
  82  6:01  Probe (Chrono Boost)  
  82  6:03  Probe (Chrono Boost)  
  76  6:08  Probe  
  76  6:10  Probe (Chrono Boost)  
  79  6:19  Probe (Chrono Boost)  
  79  6:20  Probe (Chrono Boost)  
  79  6:22  Probe (Chrono Boost)  
  81  6:29  Colossus  
  81  6:30  Probe (Chrono Boost)  
  81  6:31  Probe x2 (Chrono Boost)  
  87  6:34  Probe (Chrono Boost)  
  87  6:37  Probe  
  90  6:40  Probe  
  90  6:46  Probe  
  89  6:49  Probe  
  89  6:52  Probe  
  89  6:53  Protoss Ground Weapons Level 1 (Chrono Boost)  
  91  6:56  Charge  
  91  6:58  Probe  
  91  7:00  Extended Thermal Lance  
  92  7:01  Probe  
  92  7:04  Probe  
  94  7:10  Probe  
  94  7:13  Probe  
  96  7:16  Pylon, Probe  
  96  7:19  Gateway  
  96  7:20  Gateway  
  98  7:24  Pylon  
  98  7:25  Pylon  
  98  7:31  Colossus (Chrono Boost)  
  98  7:35  Probe  
  104  7:37  Gateway  
  104  7:40  Gateway, Probe  
  105  7:46  Probe  
  103  7:53  Probe  
  103  7:54  Gateway  
  103  7:56  Assimilator  
  103  7:57  Gateway  
  105  7:58  Probe x2  
  105  7:59  Assimilator, Templar Archives  
  106  8:08  Warp Prism (Chrono Boost)  
  106  8:10  Photon Cannon  
  108  8:15  Zealot x3  
  114  8:20  Pylon x2  
  114  8:36  High Templar x2  
  114  8:37  High Templar x2, Zealot x2  
  114  8:39  Pylon  
  114  8:40  Archon x2  
  126  8:42  Observer  
  127  8:50  Nexus  
  127  8:53  Gateway  
  127  8:54  High Templar, Gateway  
  127  8:55  High Templar  
  131  9:00  Zealot x2  
  135  9:06  Photon Cannon  
  135  9:07  Shield Battery  
  135  9:09  Pylon  
  135  9:11  Pylon  
  135  9:17  Archon  
  135  9:19  High Templar x2  
  135  9:20  Zealot x3  
  135  9:21  Zealot  
  135  9:23  Probe x3  
  146  9:28  Archon  
  138  9:35  Zealot x2, Probe x2  
  134  9:43  Probe  
  135  9:47  Probe  
  135  9:48  Probe  
  137  10:01  High Templar x3  
  137  10:02  High Templar, Zealot  
  137  10:03  Zealot x5  
  157  10:08  Archon  
  157  10:09  Archon  
  157  10:12  Probe x2  
  157  10:27  Zealot x6  
  165  10:35  Zealot x3  
  157  10:36  Zealot  
  156  10:49  Pylon  
  156  10:52  Pylon, Twilight Council  
Tags
 
Add a new tag
Caveats
  • Supply blocks, unpowered buildings, or Contaminate may cause inaccurate times.
  • Supply counts are checked every 10 seconds.